 Dungeon Crawl Stone Soup version 0.21-a0-79-g04744e2 (webtiles) character file.

49 Monsterracer the Insei (level 3, -1/19 HPs)
             Began as a Vine Stalker Monk on June 22, 2017.
             Slain by a hobgoblin
             ... wielding a +0 dagger of flaming
              (2 damage)
             ... on level 2 of the Dungeon.
             The game lasted 00:02:51 (1129 turns).

Monsterracer the Insei (Vine Stalker Monk)          Turns: 1129, Time: 00:02:52

Health: -1/19      AC:  2    Str: 13    XL:     3   Next: 75%
Magic:  0/4        EV: 13    Int: 10    God:
Gold:   33         SH:  0    Dex: 19    Spells: 2/2 levels left

rFire    . . .     SeeInvis .     - Unarmed
rCold    + . .     Gourm    .   (no shield)
rNeg     . . .     Faith    .   a - +0 robe
rPois    .         Spirit   +   (no helmet)
rElec    .         Reflect  .   (no cloak)
rCorr    .         Harm     .   (no gloves)
MR       .....                  (no boots)
Stlth    ++........             (no amulet)
HPRegen  0.06/turn              (no ring)
MPRegen  0.09/turn              (no ring)

@: no status effects
A: fangs 2, agile 1, cold resistance 1, magic shield, antimagic bite, no potion
heal 3, rot immunity
a: no special abilities


You were on level 2 of the Dungeon.
You were not hungry.

You visited 1 branch of the dungeon, and saw 2 of its levels.

You collected 33 gold pieces.

Inventory:

Armour
 a - a +0 robe (worn)
Scrolls
 d - a scroll of immolation {unknown}
 g - a scroll of teleportation {unknown}
 h - a scroll of remove curse {unknown}
 i - 2 scrolls of identify {unknown}
 j - a scroll of enchant weapon {unknown}
 k - 2 scrolls of blinking {unknown}
Potions
 e - a potion of mutation
Comestibles
 b - a bread ration
 c - 2 fruits
 f - a meat ration


   Skills:
 - Level 2.6 Fighting
 - Level 2.4 Dodging
 - Level 2.4 Stealth
 + Level 4.6 Unarmed Combat


You had 2 spell levels left.
You didn't know any spells.

Dungeon Overview and Level Annotations

Branches:
Dungeon (2/15)

Altars:
Zin


Innate Abilities, Weirdness & Mutations

You have extremely sharp teeth.
When hurt, damage is shared between your health and your magic reserves.
Your bite disrupts and absorbs the magic of your enemies.
Potions cannot restore your health.
You are immune to rotting.
You are agile. (Dex +2)
Your flesh is cold resistant. (rC+)


Message History

Huge Dmg: -26%(-5hp) hp: 32%(6hp)
You hit the adder.
You kill the adder!
The kobold barely misses you. The rat bites you.
* * * LOW HITPOINT WARNING * * *
The hobgoblin barely misses you.
Huge Dmg: -10%(-2hp) hp: 22%(4hp)
* * * LOW HITPOINT WARNING * * *
You feel sick.
Huge Dmg: -6%(-1hp) hp: 16%(3hp)
* * * LOW HITPOINT WARNING * * *
You feel sick.
Huge Dmg: -5%(-1hp) hp: 11%(2hp)
* * * LOW HITPOINT WARNING * * *
You feel sick.
You are no longer poisoned.
Huge Dmg: -5%(-1hp) hp: 6%(1hp)
The hobgoblin hits you with a dagger of flaming.
* * * LOW MAGIC WARNING * * *
You die...

#.....†.....................
#.............##############
##.............# #.. ......
#..............# #.##########
#..............# #...........
#..............###.......##..
#........>...............##..
#.........########........#..
#########...@K............#..
#....gr...........#.#
#.................#.#
#...............#.#..
#........r...##.._..#
#......##.......#.#..
........##............
........##............
........##............


You could see a hobgoblin, a kobold and 2 rats.

Vanquished Creatures
  2 adders (D:2)
  2 oozes
  2 leopard geckos (D:1)
  4 hobgoblins (D:1)
  2 jackals (D:1)
  3 bats
  A frilled lizard (D:1)
  4 kobolds
  3 rats
23 creatures vanquished.

Notes
Turn   | Place    | Note
-------+----------+-------------------------------------------
     0 | D:1      | Monsterracer the Vine Stalker Monk began the quest for the Orb.
     0 | D:1      | Reached XP level 1. HP: 11/11 MP: 2/2
   218 | D:1      | Reached XP level 2. HP: 15/16 MP: 3/3
   731 | D:1      | Reached skill level 4 in Unarmed Combat
   923 | D:2      | Gained mutation: You are agile. (Dex +2) [potion of mutation]
   923 | D:2      | Gained mutation: Your flesh is cold resistant. (rC+) [potion of mutation]
   940 | D:2      | Reached XP level 3. HP: 19/19 MP: 4/4
  1083 | D:2      | Found a glowing silver altar of Zin.
  1129 | D:2      | Slain by a hobgoblin

Vault maps used:
D:1:      dpeg_arrival_orchard
D:2:      lemuel_crystal_altar, elyvilon_altar_5, uniq_terence

Skill      XL: |  1  2 |
---------------+-------+-----
Unarmed Combat | 4 |  4.6
Fighting       | |  2.6
Dodging        | |  2.4
Stealth        | |  2.4

Action                   || total
-------------------------++-------
Melee: Unarmed           ||    68
       Bite              ||    14
  Use: Potion            ||     3
 Stab: Sleeping          ||     4
  Eat: Chunk             ||     1
Armor: Robe              ||    10
Dodge: Dodged            ||    60
